 Dungeon Crawl Stone Soup version 0.30-a0-718-geaa24f58ff (webtiles) character file.

Game seed: 7732112921471560839

818 gelatine the Firebug (level 7, -4/48 HPs)
             Began as a Demonspawn Fire Elementalist on Jan 26, 2023.
             Was an Initiate of Makhleb.
             Slain by Pikel
             ... wielding a +2 whip of freezing
              (11 damage)
             ... on level 4 of the Dungeon.
             The game lasted 00:10:36 (2593 turns).

gelatine the Firebug (Demonspawn Fire Elementalist) Turns: 2593, Time: 00:10:37

Health: -4/48      AC:  5    Str:  8    XL:     7   Next: 62%
Magic:  21/22      EV: 12    Int: 19    God:    Makhleb [......]
Gold:   95         SH:  0    Dex: 13    Spells: 11/14 levels left

rFire   . . .      SeeInvis .    z - +4 quarterstaff (chaos)
rCold   . . .      Faith    .    (shield currently unavailable)
rNeg    . . .      Spirit   .    p - +0 troll leather armour {Pargi}
rPois   .          Reflect  .    (helmet restricted)
rElec   .          Harm     .    y - +0 cloak
rCorr   .          Rampage  .    (no gloves)
Will    +....                    (no boots)
Stlth   ++                       h - amulet of magic regeneration
HPRegen 1.08/turn                r - ring of magical power
MPRegen 0.58/turn                t - ring of willpower

@: no status effects
A: hooves 1, horns 1, powered by death 1, demonic touch 2
a: Renounce Religion


You were on level 4 of the Dungeon.
You worshipped Makhleb.
Makhleb was noncommittal.
You visited 1 branch of the dungeon, and saw 4 of its levels.

You collected 95 gold pieces.

Inventory:

Hand Weapons
 z - a +4 quarterstaff of chaos (weapon)
Missiles
 w - 6 atropa-tipped darts
Armour
 p - a +0 troll leather armour (worn) {Pargi}
 y - a +0 cloak (worn)
Jewellery
 h - an amulet of magic regeneration (around neck)
 r - a ring of magical power (left hand)
 t - a ring of willpower (right hand)
Wands
 a - a wand of flame (9)
 o - a wand of mindburst (10)
Scrolls
 c - 2 scrolls of blinking {unknown}
 d - a scroll of teleportation {unknown}
 e - 4 scrolls of identify {unknown}
 f - 4 scrolls of enchant armour {unknown}
 i - 3 scrolls of magic mapping {unknown}
 j - a scroll of vulnerability {unknown}
 l - a scroll of amnesia {unknown}
 m - a scroll of torment {unknown}
 q - a scroll of noise {unknown}
 u - a scroll of fog {unknown}
 v - 2 scrolls of immolation {unknown}
Potions
 b - 3 potions of magic
 g - 2 potions of flight {unknown}
 k - a potion of attraction {unknown}
 s - a potion of heal wounds {unknown}
 x - a potion of might {unknown}


   Skills:
 * Level 1.5 Fighting
 + Level 0.1 Axes
 * Level 1.0 Armour
 * Level 2.6 Dodging
 + Level 2.7 Stealth
 + Level 4.1 Spellcasting
 * Level 4.2 Conjurations
 * Level 4.8 Fire Magic
 * Level 1.1 Invocations
 * Level 1.2 Evocations


You had 11 spell levels left.
You knew the following spells:

 Your Spells              Type           Power      Damage    Failure   Level
a - Foxfire               Conj/Fire      84%        2x1d8     3%          1
b - Scorch                Fire           44%        2d7       4%          2

Your spell library contained the following spells:

 Spells                   Type           Power      Damage    Failure   Level
 Magic Dart               Conj           80%        1d7       3%          1
 Inner Flame              Hex/Fire       13%        N/A       22%         3
 Call Imp                 Summ           3%         N/A       28%         2
 Kindle Blastsparks       Fire/Tloc/Air  20%        2d11      30%         3
 Flame Wave               Conj/Fire      21%        2d8       30%         4
 Mephitic Cloud           Conj/Pois/Air  9%         N/A       32%         3
 Ozocubu's Armour         Ice            3%         N/A       50%         3
 Ozocubu's Refrigeration  Ice            1%         4d7       100%        7


Dungeon Overview and Level Annotations

Branches:
Dungeon (4/15)
 Temple: D:4-7

Altars:
Cheibriados
Makhleb
Nemelex Xobeh
Sif Muna

Annotations:
D:4 Pikel


Innate Abilities, Weirdness & Mutations

You have large cloven feet.
You have a pair of small horns on your head.
You regenerate a little health from kills.
Your touch may inflict irresistible damage on your foes.


Message History

Confirm with . or Enter, or press ? or * to list all spells.
Flames lash Pikel.
Pikel is moderately wounded.
Pikel's fire resistance burns away.
The lemure is no longer more vulnerable to fire.
Pikel hits you with a +2 whip of freezing.
Pikel freezes you.
You hit Pikel but do no damage. Your kick misses Pikel.
You headbutt Pikel, but do no damage.
Pikel is moderately wounded.
Pikel hits you with a +2 whip of freezing.
Pikel freezes you.
You hit Pikel but do no damage.
Pikel suddenly seems more agile.
Your kick misses Pikel.
Pikel is moderately wounded.
Pikel hits you with a +2 whip of freezing.
Pikel freezes you. Pikel closely misses you.
You hit Pikel but do no damage.
Pikel is moderately wounded.
The lemure is no longer more vulnerable to fire.
Pikel misses you.
Your magical contamination has completely faded away.
You hit Pikel.
Pikel goes berserk!
Your headbutt misses Pikel.
Pikel is moderately wounded.
Pikel is no longer more vulnerable to fire.
Pikel hits you with a +2 whip of freezing!
Pikel freezes you.
Pikel hits you with a +2 whip of freezing.
* * * LOW HITPOINT WARNING * * *
Pikel freezes you.
* * * LOW HITPOINT WARNING * * *
You hit Pikel.
Pikel seems to speed up.
Your kick misses Pikel. Your headbutt misses Pikel.
Pikel is moderately wounded.
Pikel hits you with a +2 whip of freezing.
* * * LOW HITPOINT WARNING * * *
Pikel freezes you.
* * * LOW HITPOINT WARNING * * *
Pikel hits you with a +2 whip of freezing!
You die...

......... ..............
..............#
#'#######.....# #.#
#.†..5# #'#######.....#
..............#
.............5##########
.............55K@.......
.............5######..##
#'#######.....# #
......# #.....# .#
......# #####'######.#
......# #...........#
......# #..........#
......# #..........#
......# #..........#


You could see Pikel (berserk, fast, agile) and 4 lemures.

Vanquished Creatures
  Sigmund (D:3)
  Eustachio (D:4)
  Pargi (D:3)
  An ogre (D:4)
  A scorpion (D:3)
  2 hounds
  2 orc priests (D:3)
  Crazy Yiuf (D:4)
  An iguana (D:4)
  3 adders (D:3)
  2 orcs (D:3)
  6 ball pythons
  5 endoplasms
  A giant cockroach (D:4)
  6 goblins
  6 hobgoblins
  3 quokkas
  4 bats
  2 frilled lizards (D:1)
  5 kobolds
  23 rats
77 creatures vanquished.

Vanquished Creatures (others)
  250 foxfires
250 creatures vanquished.

Grand Total: 327 creatures vanquished

Notes
Turn   | Place    | Note
-------+----------+-------------------------------------------
     0 | D:1      | gelatine the Demonspawn Fire Elementalist began the quest
                  | for the Orb.
     0 | D:1      | Reached XP level 1. HP: 13/13 MP: 3/3
   495 | D:1      | Discovered your monstrous ancestry.
   495 | D:1      | Gained mutation: Your touch may inflict minor irresistible
                  | damage on your foes. [demonic ancestry]
   495 | D:1      | Reached XP level 2. HP: 19/19 MP: 3/5
   817 | D:1      | Learned a level 2 spell: Scorch
   916 | D:2      | Found a sparkling altar of Nemelex Xobeh.
  1319 | D:2      | Reached XP level 3. HP: 22/24 MP: 6/6
  1497 | D:3      | Noticed Sigmund
  1504 | D:3      | Killed Sigmund
  1505 | D:3      | Gained mutation: You regenerate a little health from kills.
                  | [demonic ancestry]
  1505 | D:3      | Reached XP level 4. HP: 30/30 MP: 2/8
  1505 | D:3      | Gained mutation: You have a pair of small horns on your
                  | head. [demonic ancestry]
  1505 | D:3      | Reached XP level 5. HP: 35/35 MP: 2/9
  1519 | D:3      | Gained mutation: You have large cloven feet. [demonic
                  | ancestry]
  1519 | D:3      | Reached XP level 6. HP: 41/41 MP: 3/11
  1634 | D:3      | Noticed Pargi
  1646 | D:3      | Killed Pargi
  2218 | D:4      | Found a shimmering blue altar of Sif Muna.
  2232 | D:4      | Reached skill level 1 in Fighting
  2232 | D:4      | Gained mutation: Your touch may inflict irresistible damage
                  | on your foes. [demonic ancestry]
  2232 | D:4      | Reached XP level 7. HP: 48/48 MP: 12/12
  2260 | D:4      | Found a snail-covered altar of Cheibriados.
  2260 | D:4      | Found a burning altar of Makhleb.
  2397 | D:4      | Became a worshipper of Makhleb the Destroyer
  2453 | D:4      | Found a runed translucent door.
  2454 | D:4      | Noticed Crazy Yiuf
  2461 | D:4      | Killed Crazy Yiuf
  2545 | D:4      | Noticed Eustachio
  2554 | D:4      | Killed Eustachio
  2555 | D:4      | Reached skill level 1 in Armour
  2555 | D:4      | Reached skill level 1 in Invocations
  2555 | D:4      | Reached skill level 1 in Evocations
  2575 | D:4      | Noticed Pikel
  2593 | D:4      | Slain by Pikel

Illustrated notes

Levels and vault maps discovered:
D:1:      wander_arrival_estate, layout_basic, minmay_small_reverse_x
D:2:      layout_loops_ring, basic_altar, minmay_misc_feat_tower,
          minmay_rat_hole
D:3:      minmay_diamond_boxcup, layout_rooms, dreamdust_princess_corridor,
          minmay_misc_feat_tiny, uniq_sigmund, uniq_pargi
D:4:      layout_basic, mainiacjoe_overflow_small_starburst,
          chequers_temple_overflow_statue_of_worship, hangedman_glass_teeth,
          uniq_eustachio, uniq_pikel, uniq_crazy_yiuf_cottage

Skill      XL: |  1  2  3  4  5  6  7 |
---------------+----------------------+-----
Fire Magic     | 3 4 |  4.8
Dodging        | 2 |  2.6
Stealth        | 2 |  2.7
Spellcasting   | 3 4 |  4.1
Conjurations   | 2 3 4 |  4.2
Fighting       | 1 |  1.5
Armour         | 1 |  1.0
Invocations    | 1 |  1.1
Evocations     | 1 |  1.2
Axes           | |  0.1

Action                     |  1- 3 |  4- 6 |  7- 9 || total
---------------------------+-------+-------+-------++-------
  Melee: Whip              |    17 |     1 |       ||    18
         Touch             |     6 |       |     2 ||     8
         Hand axe          |       |     6 |     2 ||     8
         Kick              |       |     3 |     5 ||     8
         Quarterstaff      |       |       |    11 ||    11
         Headbutt          |       |       |     2 ||     2
   Cast: Foxfire           |    57 |    68 |    29 ||   154
         Scorch            |       |     4 |     5 ||     9
 Armour: Robe              |     4 |     1 |       ||     5
  Dodge: Dodged            |    16 |    18 |     9 ||    43

Table legend: (Time is in decaauts)
 A = Elapsed time spent in this place.
 B = Non-inter-level travel time spent in this place.
 C = Inter-level travel time spent in this place.
 D = Time resting spent in this place.
 E = Time spent auto-exploring this place.
 F = Levels seen in this place.
 G = Mean time per level.
                   A        B        C        D        E       F      G
               +--------+--------+--------+--------+--------+-----+--------+
         Total |   2597 |   2540 |     57 |      0 |   2057 |   4 |  649.2 |
       Dungeon |   2597 |   2540 |     57 |      0 |   2057 |   4 |  649.2 |
               +--------+--------+--------+--------+--------+-----+--------+

Top non-repeatable levels by time:
     D:1: 834 daAuts
     D:3: 683 daAuts
     D:2: 642 daAuts
     D:4: 436 daAuts
